 Dungeon Crawl Stone Soup version 0.31-a0-559-g03b8d61ab2 (webtiles) character file.

Game seed: 2737922998804055794

686 Ethylacetat the Ducker (level 7, -5/50 HPs)
             Began as an Octopode Gladiator on Aug 17, 2023.
             Slain by a sun demon (11 damage)
             ... summoned by Xom
             ... on level 5 of the Dungeon.
             The game lasted 00:07:42 (3403 turns).

Ethylacetat the Ducker (Octopode Gladiator)         Turns: 3403, Time: 00:07:44

Health: -5/50      AC:  1    Str: 12      XL:     7   Next: 62%
Magic:  7/7        EV: 15    Int: 14      God:
Gold:   282        SH:  0    Dex: 14 (15) Spells: 6/6 levels left

rFire   . . .        m - +6 shillelagh "Devastator" {shatter}
rCold   . . .        (no shield)
rNeg    . . .        a - +0 hat
rPois   +            (no amulet)
rElec   .            y - ring of see invisible
rCorr   .            (no ring)
SInv    +            (no ring)
Will    .....        (no ring)
Stlth   ++           (no ring)
HPRegen 0.28/turn    (no ring)
MPRegen 0.10/turn    (no ring)
                     (no ring)

%: clarity
@: no status effects
A: almost no armour, amphibious, 8 rings, camouflage 1, gelatinous body 1,
(nimble swimmer 1), tentacles, beak, clarity, clever 1, deterioration 1, poison
resistance, wild magic 1, evolution 1, no potion heal 1, MP-powered wands
a: no special abilities


You were on level 5 of the Dungeon.
You visited 1 branch of the dungeon, and saw 5 of its levels.

You collected 282 gold pieces.

Inventory:

Hand Weapons
 l - a +1 dagger of speed
 m - the +6 shillelagh "Devastator" (weapon) {shatter}
   (You found it on level 2 of the Dungeon)
Missiles
 c - a javelin
Armour
 a - a +0 hat (worn)
Jewellery
 y - a ring of see invisible (left tentacle)
 z - a ring of positive energy
Wands
 p - a wand of iceblast (7)
 q - a wand of quicksilver (5)
 u - a wand of charming (9)
Scrolls
 e - 3 scrolls of identify
 g - a scroll of fog {unknown}
 n - 3 scrolls of blinking
 s - a scroll of noise
 t - a scroll of silence
 w - a scroll of teleportation {unknown}
Potions
 d - a potion of brilliance {unknown}
 h - a potion of curing {unknown}
 i - a potion of resistance {unknown}
 j - a potion of attraction {unknown}
 k - 2 potions of mutation {unknown}
 o - 2 potions of heal wounds {unknown}
 x - 2 potions of enlightenment {unknown}


   Skills:
 + Level 5.0 Fighting
 + Level 3.6 Maces & Flails
 - Level 2.0 Throwing
 + Level 5.4 Dodging
 - Level 3.6 Unarmed Combat
 + Level 1.1 Shapeshifting


You had 6 spell levels left.
You didn't know any spells.
Your spell library contained the following spells:

 Spells                   Type           Power      Damage    Failure   Level
 Cigotuvi's Dreadful Rot  Necr/Pois/Air  0%         N/A       50%         2
 Ignite Poison            Fire/Tmut/Pois 0%         N/A       73%         3
 Summon Guardian Golem    Hex/Summ       0%         N/A       73%         3
 Vhi's Electric Charge    Tloc/Air       0%         N/A       73%         3
 Arcjolt                  Conj/Air       0%         1d10      100%        5
 Freezing Cloud           Conj/Ice/Air   0%         6-21      100%        5
 Plasma Beam              Fire/Air       0%         2x1d10    100%        6
 Orb of Destruction       Conj           0%         9d5       100%        7
 Spellforged Servitor     Conj/Summ      0%         N/A       100%        7


Dungeon Overview and Level Annotations

Branches:
Dungeon (5/15)
 Temple: D:4-7

Altars:
Okawaru
Sif Muna
Xom

Shops:
D:4 (


Innate Abilities, Weirdness & Mutations

You cannot wear most types of armour.
You are amphibious.
You can wear up to eight rings at the same time.
Your skin changes colour to match your surroundings (Stealth+).
Your rubbery body absorbs attacks. (AC +1, EV +1)
((You are camouflaged when in or above water. (Stealth+)))
You have tentacles for arms and can constrict up to eight enemies at once.
You have a beak for a mouth.
You possess an exceptional clarity of mind.
Your mind is acute. (Int +4, Str/Dex -1)
Your body sometimes deteriorates upon taking damage.
Your system is resistant to poisons. (rPois)
Your spells are a little harder to cast, but a little more powerful.
You have hidden genetic potential.
Potions are less effective at restoring your health.
You expend magic power (3 MP) to strengthen your wands.


Message History

As you read the scroll labelled NIOLOBRISARGH, it crumbles to dust.
The creatures around you are filled with an inner flame!
It was a scroll of immolation.
The sun demon hits you!
You are engulfed in flames!
Your body deteriorates!
You feel clumsy.
Throw: 3 throwing nets
Press: ? - help, Q - select action, (/) - cycle Shift-Dir - straight line, f - sun demon
Aim: a sun demon (summoned, inner flame, 51% to hit)
You throw a throwing net. The throwing net hits the sun demon.
The sun demon is caught in the net!
The sun demon struggles against the net.
The sun demon struggles against the net. x2
The sun demon struggles against the net.
The sun demon struggles against the net.
The net rips apart, and the sun demon comes free!
The iron imp grins evilly.
The air fills with toxic fumes!
As you read the scroll labelled ROORHI MEFEA, it crumbles to dust.
It was a scroll of poison.
A water moccasin comes into view.
This is a scroll of acquirement!
Something appears before you!
Throw: 2 throwing nets
Press: ? - help, Q - select action, (/) - cycle Shift-Dir - straight line, f/p - sun demon
Aim: a sun demon (poison gas, summoned, inner flame, 51% to hit)
You throw a throwing net.
The throwing net completely misses the sun demon.
The throwing net hits the iron imp.
The iron imp is caught in the net!
The water moccasin hisses angrily.
The sun demon hits you.
You are engulfed in flames!
* * * LOW HITPOINT WARNING * * *
The iron imp struggles against the net.
Throw: throwing net
Press: ? - help, Q - select action, (/) - cycle Shift-Dir - straight line, f/p - sun demon
Aim: a sun demon (poison gas, summoned, inner flame, 51% to hit)
You throw a throwing net. The throwing net misses the sun demon.
The throwing net hits the iron imp.
The sun demon hits you!
You die...
Xom bursts into laughter!

### ### #.. §§# ##.## #§#
...# #§# #..# #§# #### #
#..# #§# #...
#.###§§###§#############...
#..§.§5.§3@§§§§§§§.....'...
#
##.###S###§#############...
#.#..# #.# #§# # #...
#...####†###§### #. #...
#>...35).(.§§§.# #.. #...
########.###§#....... ##..
#.# #§##....... #.. #.# #§#
........####.. #.# #..
........)†..#


You could see a sun demon (summoned, inner flame), a water moccasin and an iron
imp (summoned, caught).

Vanquished Creatures
  The ghost of Ethylacetat the Insei, an amateur OpGl (D:4)
  A jelly (D:5)
  2 orc priests (D:4)
  Crazy Yiuf (D:2)
  A hound (D:4)
  3 sleepcaps (D:5)
  4 iguanas
  2 orc wizards
  A gnoll (D:4)
  3 adders
  A worm (D:2)
  A dart slug (D:2)
  15 orcs
  5 ball pythons
  A bat (D:2)
  5 endoplasms
  2 giant cockroaches
  6 goblins
  4 hobgoblins
  A quokka (D:1)
  8 frilled lizards
  6 kobolds
  2 rats
76 creatures vanquished.

Notes
Turn   | Place    | Note
-------+----------+-------------------------------------------
     0 | D:1      | Ethylacetat the Octopode Gladiator began the quest for the
                  | Orb.
     0 | D:1      | Reached XP level 1. HP: 14/14 MP: 1/1
   301 | D:1      | Reached XP level 2. HP: 19/19 MP: 2/2
   547 | D:1      | Found a faded altar of an unknown god.
   733 | D:1      | Prayed at the altar of an unknown god.
   733 | D:1      | Became a worshipper of Xom of Chaos
   734 | D:1      | Fell from the grace of Xom
   809 | D:2      | Reached XP level 3. HP: 23/25 MP: 3/3
  1272 | D:2      | Found a runed translucent door.
  1272 | D:2      | Found the +6 shillelagh "Devastator" {shatter}
  1273 | D:2      | Noticed Crazy Yiuf
  1338 | D:2      | Killed Crazy Yiuf
  1339 | D:2      | Reached XP level 4. HP: 8/30 MP: 4/4
  1454 | D:2      | XOM: give mutations
  1454 | D:2      | Gained mutation: Your magical capacity is low. (-10% MP)
                  | [Xom's mischief]
  1454 | D:2      | Gained mutation: You are clumsy. (Dex -2) [Xom's mischief]
  1705 | D:3      | XOM: give mutations
  1705 | D:3      | Gained mutation: Your body sometimes deteriorates upon
                  | taking damage. [Xom's mischief]
  1705 | D:3      | Lost mutation: You are clumsy. (Dex -2) [Xom's mischief]
  1737 | D:3      | Identified the +7 sling "Jumeirihea" {heavy, Fragile MP+9
                  | Str+4 Int+3}
  2072 | D:4      | Reached skill level 1 in Maces & Flails
  2072 | D:4      | Reached XP level 5. HP: 34/36 MP: 4/4
  2075 | D:4      | Found a runed translucent gate.
  2075 | D:4      | Found a runed translucent gate.
  2075 | D:4      | Found a runed translucent gate.
  2075 | D:4      | Noticed Ethylacetat's ghost (amateur OpGl)
  2095 | D:4      | XOM: give mutations
  2095 | D:4      | Gained mutation: Your system is resistant to poisons.
                  | (rPois) [Xom's mischief]
  2095 | D:4      | Lost mutation: Your magical capacity is low. (-10% MP)
                  | [Xom's mischief]
  2095 | D:4      | Gained mutation: Your body often deteriorates upon taking
                  | damage. [Xom's mischief]
  2095 | D:4      | Gained mutation: You have a beak for a mouth. [Xom's
                  | mischief]
  2176 | D:4      | XOM: give mutation
  2176 | D:4      | Lost mutation: Your body often deteriorates upon taking
                  | damage. [Xom's mischief]
  2181 | D:4      | Killed Ethylacetat's ghost
  2182 | D:4      | Reached XP level 6. HP: 20/44 MP: 6/6
  2323 | D:4      | XOM: 2-stop teleportation journey
  2326 | D:4      | Found an iron altar of Okawaru.
  2373 | D:4      | Reached skill level 5 in Dodging
  2373 | D:4      | Reached XP level 7. HP: 40/49 MP: 7/7
  2525 | D:4      | Found Lokhlutwyas's Weapon Boutique.
  2560 | D:4      | Found a shimmering blue altar of Sif Muna.
  2625 | D:4      | XOM: torment (26/49 hp)
  3079 | D:4      | XOM: give mutations
  3079 | D:4      | Gained mutation: You possess an exceptional clarity of
                  | mind. [Xom's mischief]
  3079 | D:4      | Gained mutation: You expend magic power (3 MP) to
                  | strengthen your wands. [Xom's mischief]
  3079 | D:4      | Gained mutation: Your mind is acute. (Int +4, Str/Dex -1)
                  | [Xom's mischief]
  3079 | D:4      | Gained mutation: You have hidden genetic potential. [Xom's
                  | mischief]
  3080 | D:5      | Entered Level 5 of the Dungeon
  3318 | D:5      | Reached skill level 1 in Shapeshifting
  3320 | D:5      | XOM: give mutations
  3320 | D:5      | Gained mutation: Your spells are a little harder to cast,
                  | but a little more powerful. [Xom's mischief]
  3320 | D:5      | Gained mutation: You are resistant to electric shocks.
                  | (rElec) [Xom's mischief]
  3320 | D:5      | Gained mutation: Potions are less effective at restoring
                  | your health. [Xom's mischief]
  3320 | D:5      | Lost mutation: You are resistant to electric shocks.
                  | (rElec) [Xom's mischief]
  3321 | D:5      | Reached skill level 5 in Fighting
  3382 | D:5      | XOM: summons 2 hostile demons
  3383 | D:5      | Noticed a sun demon
  3401 | D:5      | Identified a scroll of acquirement
  3401 | D:5      | Acquired 1010 gold pieces
  3403 | D:5      | Slain by a sun demon

Illustrated notes

Levels and vault maps discovered:
D:1:      amcnicky_arrival_double_pillar, layout_loops_ring,
          ebering_ecumenical_altar_sacrificial
D:2:      layout_loops_ring, uniq_crazy_yiuf_cottage
D:3:      layout_loops_cross, nrook_uturn, moated_statue, grunt_ministairs_3
D:4:      layout_basic, mainiacjoe_overflow_brackets, led_sif_pool,
          ebering_ghost_rock_garden, serial_shops, shop, sigmund_army
D:5:      layout_basic, dreamdust_princess_bridge

Skill      XL: |  1  2  3  4  5  6  7 |
---------------+----------------------+-----
Fighting       | 3 4 5 |  5.0
Maces & Flails | 1 2 3 |  3.6
Dodging        | 4 5 |  5.4
Shapeshifting  | 1 |  1.1
Throwing       | |  2.0
Unarmed Combat | |  3.6

Action                     |  1- 3 |  4- 6 |  7- 9 || total
---------------------------+-------+-------+-------++-------
  Melee: Unarmed           |    56 |       |       ||    56
         Constrict         |    15 |     5 |    10 ||    30
         Tentacles         |     9 |     8 |     7 ||    24
         Punch             |     1 |       |       ||     1
         Dagger            |     4 |       |       ||     4
         Shillelagh        |       |    51 |    26 ||    77
         Peck              |       |     2 |     7 ||     9
  Throw: Throwing net      |       |       |     3 ||     3
 Invoke: Renounce Religion |     1 |       |       ||     1
  Evoke: Wand              |       |     2 |       ||     2
    Use: Scroll            |       |       |     6 ||     6
   Stab: Sleeping          |     3 |     3 |     1 ||     7
 Armour: Skin              |       |     2 |       ||     2
  Dodge: Dodged            |    27 |    23 |    12 ||    62

Table legend: (Time is in decaauts)
 A = Elapsed time spent in this place.
 B = Non-inter-level travel time spent in this place.
 C = Inter-level travel time spent in this place.
 D = Time resting spent in this place.
 E = Time spent auto-exploring this place.
 F = Levels seen in this place.
 G = Mean time per level.
                   A        B        C        D        E       F      G
               +--------+--------+--------+--------+--------+-----+--------+
         Total |   3412 |   3217 |    195 |     10 |   2703 |   5 |  682.4 |
       Dungeon |   3412 |   3217 |    195 |     10 |   2703 |   5 |  682.4 |
               +--------+--------+--------+--------+--------+-----+--------+

Top non-repeatable levels by time:
     D:4: 1040 daAuts
     D:1: 746 daAuts
     D:2: 705 daAuts
     D:3: 595 daAuts
     D:5: 324 daAuts
